 Dungeon Crawl Stone Soup version 0.31-a0-167-g1c394c0614 (webtiles) character file.

Game seed: 4254047075837382466

177393 qw the Severer (level 18, -8/118 HPs)
             Began as a Gargoyle Fighter on June 13, 2023.
             Was an Elder of Okawaru.
             Mangled by a ghost moth (9 damage)
             ... on level 2 of the Spider Nest on June 14, 2023.
             The game lasted 00:19:17 (28781 turns).

qw the Severer (Gargoyle Fighter)                  Turns: 28781, Time: 00:19:17

Health: -8/118     AC: 37    Str: 32 (35) XL:     18   Next: 16%
Magic:  0/34       EV: 14    Int:  6 (7)  God:    Okawaru [****..]
Gold:   782        SH: 24    Dex: 10 (11) Spells: 17/17 levels left

rFire   + + .        w - +5 broad axe
rCold   . . .        l - +0 tower shield
rNeg    + . .        k - +1 plate armour
rPois   inf          (no helmet)
rElec   +            (no cloak)
rCorr   .            v - +2 pair of gloves
SInv    .            u - +2 pair of boots
Will    ++...        B - amulet of reflection Stlth
                     D - ring of Gioh {rPois rF++ EV+5}
HPRegen 0.39/turn    a - ring "Hero's Friend" {+Blink Will+ MP+9 Str+6 Int-5}
MPRegen 0.24/turn

%: reflection
@: about to teleport, flying
A: sickness immunity, AC +13, big wings, negative energy resistance 1,
electricity resistance, torment resistance 1, petrification resistance, agile 1,
clever 1, strong 1, MP-powered wands
a: Renounce Religion, Evoke Blink, Heroism, Finesse


You were on level 2 of the Spider Nest.
You worshipped Okawaru.
Okawaru was greatly pleased with you.
You visited 6 branches of the dungeon, and saw 28 of its levels.
You also visited: Sewer and Ossuary.

You collected 2837 gold pieces.
You spent 2055 gold pieces at shops.


Innate Abilities, Weirdness & Mutations

You are immune to sickness and miasma.
Your stone body is resilient. (AC +13)
You are immune to poison.
Your large and strong wings let you fly.
You resist negative energy. (rN+)
You are resistant to electric shocks. (rElec)
You are resistant to unholy torment.
You are immune to petrification.
You are agile. (Dex +4, Str/Int -1)
Your mind is acute. (Int +4, Str/Dex -1)
Your muscles are strong. (Str +4, Int/Dex -1)
You expend magic power (3 MP) to strengthen your wands.


   Skills:
 - Level 14.9 Fighting
 - Level 18.0 Axes
 - Level 7.0 Throwing
 + Level 12.0 Armour
 - Level 4.0 Dodging
 - Level 18.0 Shields
 - Level 10.0 Invocations


You had 17 spell levels left.
You didn't know any spells.
Your spell library was empty.

Inventory:

Hand Weapons
 w - a +5 broad axe (weapon)
Missiles
 j - 16 boomerangs (quivered)
Armour
 k - a +1 plate armour (worn)
 l - a +0 tower shield (worn)
 q - a +8 chain mail of ponderousness
 s - +0 fire dragon scales
 t - +0 ice dragon scales
 u - a +2 pair of boots (worn)
 v - a +2 pair of gloves (worn)
Jewellery
 a - the ring "Hero's Friend" (right hand) {+Blink Will+ MP+9 Str+6 Int-5}
   (You acquired it on level 5 of the Dungeon)

   [ring of magical power]

   Str:       It affects your strength (+6).
   Int:       It affects your intelligence (-5).
   MP:        It affects your magic capacity (+9).
   +Blink:    It lets you blink.
   Will:      It increases your willpower.
 y - a ring of protection from fire
 z - a ring of resist corrosion
 A - a ring of ice
 B - an amulet of reflection (around neck)
 D - the ring of Gioh (left hand) {rPois rF++ EV+5}
   (You bought it in a shop on level 2 of the Orcish Mines)

   [ring of evasion]

   EV:        It affects your evasion (+5).
   rF:        It greatly protects you from fire.
   rPois:     It protects you from poison.
 Y - a +5 ring of evasion
Scrolls
 b - 14 scrolls of identify
 i - 5 scrolls of teleportation
Potions
 c - 4 potions of haste
 d - 9 potions of might
 e - 15 potions of curing
 f - 6 potions of mutation
 g - 5 potions of lignification
 h - 5 potions of resistance
 m - 7 potions of attraction
 p - 2 potions of magic

Dungeon Overview and Level Annotations

Branches:
Dungeon (15/15)            Temple (1/1) D:6            Lair (5/5) D:9
 Shoals (3/4) Lair:2       Spider (2/4) Lair:2        Slime (0/5) Lair:4
    Orc (2/2) D:10            Elf (0/3) Orc:2        Vaults (0/5) D:13
 Depths (0/4) D:15          Sewer (visited)         Ossuary (visited)

Altars:
Ashenzari
Cheibriados
Dithmenos
Elyvilon
Fedhas
Gozag
Hepliaklqana
Kikubaaqudgha
Makhleb
Nemelex Xobeh
Okawaru
Qazlal
Ru
Sif Muna
Trog
Uskayaw
Vehumet
Wu Jian
Xom
Yredelemnul
Zin
The Shining One

Shops:
D:6 (   D:9 ?   Orc:2 :(=(:   Shoals:1 *

Annotations:
D:13 exclusion: 2 ice statues
Lair:3 3 runed translucent doors, qw's ghost, journeyman GrFi
Shoals:3 2 transporters, Teryn's ghost, journeyman DsAK


Message History

The boomerang barely misses the tarantella.
You feel you are being watched by something.
You block something's attack. x2
Something stings you but does no damage.
You throw a boomerang. Something barely misses you. Something hits you.
You feel weakened. Something stings you.
You feel you are being watched by something.
Something hits you but does no damage. Something completely misses you.
You block something's attack.
28778 ||| READING 6 scrolls of teleportation.
As you read the scroll of teleportation, it crumbles to dust.
You feel strangely unstable. Something closely misses you.
You block something's attack.
Something stings you but does no damage.
The tarantella touches you but does no damage.
You closely miss the tarantella.
The tarantella is severely wounded.
You miss something. You block the tarantella's attack.
You feel you are being watched by something.
You feel your power leaking away. You block something's attack.
Something hits you but does no damage. Something stings you!
You feel weakened.
You hit the tarantella.
The tarantella is severely wounded.
You hit something.
The tarantella touches you but does no damage.
You feel you are being watched by something.
You block something's attack. Something hits you but does no damage.
You block something's attack.
You slice the tarantella!!
You kill the tarantella!
Okawaru accepts your kill.
You hit something but do no damage.
You feel you are being watched by something.
You block something's attack. Something hits you!
You die...

#...........<.#..##
#..##.#.#.#..#....#
#############.#...##
##...# #...###....#
#....###....#......
##....#..[..##..#.. .
#.....#.....#...#..
#...###...###...#####.#.
#..{@......%....##...
#...%.................
..........##...#........
#...###..####..###......
.... #...# #...# ##.....
... #.... #.....#......
.. #.... #...####...#.
##?.}###...# #.....
#####.#.#..#


There were no monsters in sight!

Vanquished Creatures
  Mlioglotl (Lair:2)
  A kraken (Shoals:3)
  Kirke (D:13)
  Ilsuiw (Shoals:2)
  3 emperor scorpions (Spider:2)
  A fire giant (D:15)
  A ghost moth (Spider:2)
  A quicksilver ooze (Lair:5)
  3 broodmothers
  A spark wasp (Spider:1)
  3 merfolk javelineers (Shoals:2)
  A fire dragon (D:15)
  3 merfolk impalers
  6 entropy weavers
  A vault guard (D:12)
  5 hydras
  2 ice dragons
  7 centaur warriors
  2 catoblepae
  3 merfolk avatars (Shoals:2)
  A satyr (Shoals:2)
  3 radroaches
  7 two-headed ogres
  5 death yaks
  3 boulder beetles
  A merfolk aquamancer (Shoals:2)
  3 orc high priests (Orc:2)
  3 demonic crawlers
  Urug (D:12)
  Sonja (D:13)
  8 skysharks
  8 sea snakes
  3 skeletal warriors (D:14)
  2 orb spiders
  3 pharaoh ants
  3 steelbarb worms
  15 harpies
  3 deep elf pyromancers
  5 orc knights (Orc:2)
  7 orc sorcerers
  12 wolf spiders
  6 ugly things
  9 manticores
  11 fauns
  26 elephants
  2 ice statues (D:13)
  3 cyclopes
  A moth of wrath (Lair:2)
  A guardian serpent (Lair:5)
  7 merfolk sirens
  10 black mambas
  7 torpor snails
  18 cane toads
  An unseen horror (D:11)
  A water nymph (Shoals:2)
  4 kobold demonologists (D:12)
  A rime drake (Lair:5)
  11 komodo dragons
  3 trolls
  13 polar bears
  27 merfolk
  12 tarantellas
  5 hornets
  9 blink frogs
  6 wind drakes
  10 dream sheep
  10 snapping turtles
  3 raiju (Lair:5)
  15 slime creatures
  8 culicivoras
  6 water elementals
  A shadow (D:10)
  18 jumping spiders
  6 wraiths
  Sigmund (D:4)
  17 wyverns
  37 yaks
  3 basilisks
  2 hogs (D:13)
  A human (D:13)
  Grum (D:8)
  8 vampire mosquitoes
  A steam dragon (D:9)
  28 redbacks
  8 wargs
  2 acid dragons
  17 water moccasins
  14 hell hounds (Lair:5)
  18 orc warriors
  3 sky beasts
  11 black bears (Lair:5)
  14 ice beasts (D:13)
  41 wolves
  9 centaurs
  5 ogres
  5 bullfrogs
  6 kobold brigands
  A gnoll sergeant (D:11)
  4 scorpions
  5 wights
  12 killer bees
  3 howler monkeys
  An electric eel (D:12)
  2 hounds
  4 jellies (Lair:5)
  A gnoll bouda (D:9)
  13 orc priests
  4 iguanas
  3 sleepcaps
  18 orc wizards
  15 gnolls
  15 adders
  3 ufetubi (D:6)
  An adder zombie (Ossuary)
  6 worms
  4 dart slugs
  53 orcs
  9 endoplasms
  8 giant cockroaches
  6 hobgoblins
  48 kobolds
  5 quokkas
  14 ball pythons
  2 ball python skeletons (Ossuary)
  2 bats (D:3)
  7 frilled lizards
  6 goblins
  3 hobgoblin zombies (Ossuary)
  2 kobold zombies (Ossuary)
  An orc skeleton (Ossuary)
  10 rats
  3 tentacles (Shoals:3)
961 creatures vanquished.

Vanquished Creatures (others)
  A redback (Spider:2)
  An orc warrior (Orc:2)
  14 tentacles (Shoals:3)
16 creatures vanquished.

Grand Total: 977 creatures vanquished

Notes
Turn   | Place    | Note
-------+----------+-------------------------------------------
     0 | D:1      | qw the Gargoyle Fighter began the quest for the Orb.
     0 | D:1      | Reached XP level 1. HP: 14/14 MP: 1/1
     0 | D:1      | 0 ||| qw: Version: 0.2-a-29-gc1b59c4
     0 | D:1      | 0 ||| qw: Game counter: 4861
     0 | D:1      | 0 ||| qw: Always use a shield: true
     0 | D:1      | 0 ||| qw: God list: Okawaru
     0 | D:1      | 0 ||| qw: Allow faded altars: false
     0 | D:1      | 0 ||| qw: Do Orc after D:15 true
     0 | D:1      | 0 ||| qw: Do second Lair branch before Depths: true
     0 | D:1      | 0 ||| qw: Lair rune preference: random
     0 | D:1      | 0 ||| qw: Plans: Normal, Zot:1-4, Slime:5, God:TSO, Crypt,
                  | Tomb, Abyss, Pan, Hells, Win
     0 | D:1      | 0 ||| PLANNING D:1-11
   188 | D:1      | 188 ||| Stepping ~*~*~tactically~*~*~ (stealth).
   189 | D:1      | 189 ||| Stepping ~*~*~tactically~*~*~ (stealth).
   193 | D:1      | Reached XP level 2. HP: 19/19 MP: 2/2
   278 | D:1      | 278 ||| Stepping ~*~*~tactically~*~*~ (stealth).
   671 | D:1      | Reached skill level 3 in Axes
   787 | D:1      | 787 ||| UPGRADING to +0 plate armour.
   797 | D:1      | 797 ||| DROPPING +0 scale mail.
   798 | D:1      | 798 ||| READING 2 scrolls labelled UFRYZI KOC.
   799 | D:1      | 799 ||| READING scroll of enchant weapon.
   799 | D:1      | 799 ||| ENCHANTING +1 war axe.
   800 | D:1      | 800 ||| READING 2 scrolls labelled HIGAOCI WINN.
   801 | D:1      | 801 ||| READING 3 scrolls labelled MUQIFR REDO.
   802 | D:1      | 802 ||| READING scroll labelled PETUCZ UDDI.
   807 | D:1      | 807 ||| DRINKING 2 metallic orange potions.
   808 | D:1      | 808 ||| DROPPING scroll of fear.
   809 | D:1      | 809 ||| DROPPING 2 scrolls of amnesia.
   833 | D:2      | Reached XP level 3. HP: 23/23 MP: 3/3
   841 | D:2      | 841 ||| Stepping ~*~*~tactically~*~*~ (hiding).
   842 | D:2      | 842 ||| Stepping ~*~*~tactically~*~*~ (hiding).
   954 | D:2      | 954 ||| DROPPING +0 club.
  1026 | D:2      | 1026 ||| Stepping ~*~*~tactically~*~*~ (stealth).
  1027 | D:2      | 1027 ||| Stepping ~*~*~tactically~*~*~ (stealth).
  1032 | D:2      | 1032 ||| FLEEEEING.
  1096 | D:2      | 1096 ||| DROPPING +3 morningstar of distortion.
  1121 | D:2      | Reached XP level 4. HP: 28/28 MP: 4/4
  1262 | D:2      | 1262 ||| Stepping ~*~*~tactically~*~*~ (hiding).
  1263 | D:2      | 1263 ||| Stepping ~*~*~tactically~*~*~ (hiding).
  1406 | D:2      | 1406 ||| Stepping ~*~*~tactically~*~*~ (hiding).
  1410 | D:2      | 1410 ||| Stepping ~*~*~tactically~*~*~ (hiding).
  1452 | D:2      | Found a faded altar of an unknown god.
  1599 | D:2      | 1599 ||| READING scroll labelled DUPNUSO ELEAZ.
  1600 | D:2      | 1600 ||| DRINKING 2 silvery potions.
  1601 | D:2      | 1601 ||| DROPPING potion of degeneration.
  1703 | D:3      | 1703 ||| Stepping ~*~*~tactically~*~*~ (hiding).
  1720 | D:3      | 1720 ||| DROPPING +0 whip.
  1736 | D:3      | 1736 ||| Stepping ~*~*~tactically~*~*~ (stealth).
  1745 | D:3      | Reached XP level 5. HP: 29/32 MP: 5/5
  1773 | D:3      | Found a broken altar of Ashenzari.
  1781 | D:3      | 1781 ||| Stepping ~*~*~tactically~*~*~ (hiding).
  1785 | D:3      | 1785 ||| Stepping ~*~*~tactically~*~*~ (hiding).
  2416 | D:3      | 2416 ||| FLEEEEING.
  2417 | D:3      | 2417 ||| FLEEEEING.
  2418 | D:3      | 2418 ||| FLEEEEING.
  2419 | D:3      | 2419 ||| FLEEEEING.
  2420 | D:3      | 2420 ||| FLEEEEING.
  2421 | D:3      | 2421 ||| FLEEEEING.
  2423 | D:3      | 2423 ||| FLEEEEING.
  2425 | D:3      | 2425 ||| FLEEEEING.
  2428 | D:3      | 2428 ||| FLEEEEING.
  2429 | D:3      | 2429 ||| FLEEEEING.
  2430 | D:3      | 2430 ||| FLEEEEING.
  2432 | D:3      | 2432 ||| FLEEEEING.
  2433 | D:3      | 2433 ||| STAIRDANCE
  2510 | D:3      | Reached XP level 6. HP: 26/38 MP: 6/6
  2767 | D:4      | 2767 ||| PLANNING SEWER
  2771 | D:4      | Found a glowing drain.
  2781 | D:4      | 2781 ||| Stepping ~*~*~tactically~*~*~ (water).
  2802 | Sewer    | Entered a sewer
  2915 | Sewer    | 2915 ||| Stepping ~*~*~tactically~*~*~ (water).
  3051 | Sewer    | 3051 ||| DRINKING 2 blue potions.
  3051 | Sewer    | Gained mutation: Armour fits poorly on your strangely
                  | shaped body. [potion of mutation]
  3051 | Sewer    | Gained mutation: You have an increased reservoir of magic.
                  | (+10% MP) [potion of mutation]
  3052 | Sewer    | 3052 ||| DRINKING potion of mutation.
  3052 | Sewer    | Lost mutation: You have an increased reservoir of magic.
                  | (+10% MP) [potion of mutation]
  3052 | Sewer    | Lost mutation: Armour fits poorly on your strangely shaped
                  | body. [potion of mutation]
  3052 | Sewer    | Gained mutation: You have hidden genetic potential. [potion
                  | of mutation]
  3052 | Sewer    | Gained mutation: You expend magic power (3 MP) to
                  | strengthen your wands. [potion of mutation]
  3052 | Sewer    | Gained mutation: You are agile. (Dex +4, Str/Int -1)
                  | [potion of mutation]
  3053 | Sewer    | 3053 ||| DRINKING 3 cyan potions.
  3054 | Sewer    | 3054 ||| DRINKING 2 fizzy grey potions.
  3055 | Sewer    | 3055 ||| DRINKING 3 clear potions.
  3056 | Sewer    | 3056 ||| READING 2 scrolls of identify.
  3056 | Sewer    | 3056 ||| IDENTIFYING fuming inky potion
  3057 | Sewer    | 3057 ||| DROPPING potion of invisibility.
  3072 | D:4      | 3072 ||| PLANNING D:1-11
  3091 | D:4      | 3091 ||| Stepping ~*~*~tactically~*~*~ (stealth).
  3093 | D:4      | 3093 ||| Stepping ~*~*~tactically~*~*~ (stealth).
  3095 | D:4      | 3095 ||| Stepping ~*~*~tactically~*~*~ (stealth).
  3134 | D:4      | Found a hide-covered altar of Uskayaw.
  3151 | D:4      | 3151 ||| FLEEEEING.
  3152 | D:4      | 3152 ||| FLEEEEING.
  3153 | D:4      | 3153 ||| FLEEEEING.
  3154 | D:4      | 3154 ||| FLEEEEING.
  3155 | D:4      | 3155 ||| FLEEEEING.
  3165 | D:4      | 3165 ||| Stepping ~*~*~tactically~*~*~ (stealth).
  3285 | D:4      | 3285 ||| Stepping ~*~*~tactically~*~*~ (stealth).
  3291 | D:4      | Reached skill level 1 in Dodging
  3298 | D:4      | 3298 ||| DROPPING +0 flail.
  3430 | D:4      | Reached XP level 7. HP: 43/43 MP: 7/7
  3646 | D:4      | Reached skill level 6 in Axes
  3646 | D:4      | Noticed Sigmund
  3654 | D:4      | Killed Sigmund
  3666 | D:4      | Gained mutation: Your muscles are strong. (Str +4, Int/Dex
                  | -1) [hidden potential]
  3766 | D:4      | 3766 ||| Stepping ~*~*~tactically~*~*~ (stealth).
  3797 | D:4      | 3797 ||| UPGRADING to +0 tower shield.
  3807 | D:4      | 3807 ||| DROPPING +0 buckler.
  3808 | D:4      | 3808 ||| UPGRADING to +6 ring of dexterity.
  3809 | D:4      | 3809 ||| READING scroll labelled EMPIEPT MOGAIN.
  3938 | D:5      | Entered Level 5 of the Dungeon
  3939 | D:5      | 3939 ||| PLANNING OSSUARY
  3981 | D:5      | Found a sand-covered staircase.
  3983 | D:5      | 3983 ||| READING scroll labelled SULIZEN ERRYM.
  3983 | D:5      | Identified a scroll of acquirement
  3983 | D:5      | 3983 ||| ACQUIRING ring "Hero's Friend" {+Blink Will+ MP+9
                  | Str+6 Int-5}
  3983 | D:5      | Acquired the ring "Hero's Friend" {+Blink Will+ MP+9 Str+6
                  | Int-5}
  3985 | D:5      | 3985 ||| UPGRADING to ring "Hero's Friend" {+Blink Will+
                  | MP+9 Str+6 Int-5}.
  3989 | Ossuary  | Entered an ossuary
  4136 | Ossuary  | Noticed a wraith
  4136 | Ossuary  | Noticed a flying skull
  4149 | Ossuary  | Noticed a flying skull
  4179 | Ossuary  | Noticed a wraith
  4190 | Ossuary  | Killed a wraith
  4280 | Ossuary  | Noticed a flying skull
  4288 | Ossuary  | Noticed a wraith
  4297 | Ossuary  | Killed a wraith
  4298 | Ossuary  | Reached XP level 8. HP: 30/48 MP: 8/8
  4356 | Ossuary  | Noticed a flying skull
  4368 | Ossuary  | Reached skill level 6 in Shields
  4479 | Ossuary  | 4479 ||| READING 2 scrolls labelled AVEUGUNETE.
  4480 | Ossuary  | 4480 ||| READING scroll labelled LIURORH FOIPNEIS.
  4481 | Ossuary  | 4481 ||| READING scroll labelled USOIKHLESEZ.
  4482 | Ossuary  | 4482 ||| DRINKING 3 dark potions.
  4483 | Ossuary  | 4483 ||| DRINKING 2 amethyst potions.
  4483 | Ossuary  | Reached XP level 9. HP: 52/52 MP: 9/9
  4484 | Ossuary  | 4484 ||| DRINKING potion of experience.
  4484 | Ossuary  | Reached XP level 10. HP: 56/56 MP: 10/10
  4485 | Ossuary  | 4485 ||| READING 2 scrolls of identify.
  4485 | Ossuary  | 4485 ||| IDENTIFYING yellow potion
  4486 | Ossuary  | 4486 ||| DROPPING 2 potions of enlightenment.
  4487 | Ossuary  | 4487 ||| DROPPING scroll of butterflies.
  4546 | D:5      | 4546 ||| PLANNING D:1-11
  4586 | D:5      | Gained mutation: Your mind is acute. (Int +4, Str/Dex -1)
                  | [hidden potential]
  4586 | D:5      | Lost mutation: You have hidden genetic potential. [hidden
                  | potential expressed]
  4670 | D:5      | 4670 ||| Stepping ~*~*~tactically~*~*~ (stealth).
  5066 | D:5      | 5066 ||| READING scroll of enchant weapon.
  5066 | D:5      | 5066 ||| ENCHANTING +2 war axe.
  5431 | D:5      | 5431 ||| UPGRADING to amulet of regeneration.
  5436 | D:5      | 5436 ||| READING 2 scrolls of identify.
  5436 | D:5      | 5436 ||| IDENTIFYING lumpy amethyst potion
  5437 | D:5      | 5437 ||| DROPPING potion of brilliance.
  5469 | D:6      | 5469 ||| Stepping ~*~*~tactically~*~*~ (stealth).
  5471 | D:6      | 5471 ||| Stepping ~*~*~tactically~*~*~ (stealth).
  5475 | D:6      | 5475 ||| Stepping ~*~*~tactically~*~*~ (stealth).
  5596 | D:6      | Found a staircase to the Ecumenical Temple.
  5597 | D:6      | 5597 ||| PLANNING TEMPLE
  5597 | D:6      | 5597 ||| READING scroll labelled BACSUC YSAELLUA.
  5598 | D:6      | 5598 ||| READING 2 scrolls of identify.
  5598 | D:6      | 5598 ||| IDENTIFYING bubbling amethyst potion
  5599 | D:6      | 5599 ||| DROPPING potion of ambrosia.
  5608 | Temple   | Entered the Ecumenical Temple
  5629 | Temple   | 5629 ||| PLANNING OKAWARU WORSHIP
  5799 | Temple   | Became a worshipper of Warmaster Okawaru
  5799 | Temple   | 5799 ||| PLANNING D:1-11
  6093 | D:6      | 6093 ||| Stepping ~*~*~tactically~*~*~ (hiding).
  6235 | D:6      | Found Qecapom's Weapon Shoppe.
  7191 | D:7      | 7191 ||| READING scroll labelled NUNYVU KEXA.
  7202 | D:7      | 7202 ||| READING scroll labelled RULLEPLO PYOQE.
  7295 | D:8      | Reached skill level 1 in Throwing
  7369 | D:8      | 7369 ||| Stepping ~*~*~tactically~*~*~ (hiding).
  7503 | D:8      | Noticed Grum
  7504 | D:8      | 7504 ||| Stepping ~*~*~tactically~*~*~ (hiding).
  7515 | D:8      | Killed Grum
  7524 | D:8      | Reached * piety under Okawaru
  7580 | D:8      | 7580 ||| Stepping ~*~*~tactically~*~*~ (hiding).
  7596 | D:8      | Reached skill level 1 in Invocations
  7602 | D:8      | Reached skill level 6 in Fighting
  7617 | D:8      | 7617 ||| Stepping ~*~*~tactically~*~*~ (hiding).
  7618 | D:8      | 7618 ||| Stepping ~*~*~tactically~*~*~ (hiding).
  7744 | D:8      | 7744 ||| Stepping ~*~*~tactically~*~*~ (hiding).
  7976 | D:8      | 7976 ||| Stepping ~*~*~tactically~*~*~ (hiding).
  7982 | D:8      | 7982 ||| Stepping ~*~*~tactically~*~*~ (hiding).
  7989 | D:8      | 7989 ||| Stepping ~*~*~tactically~*~*~ (hiding).
  7991 | D:8      | 7991 ||| Stepping ~*~*~tactically~*~*~ (hiding).
  8013 | D:8      | Reached XP level 11. HP: 64/64 MP: 12/12
  8151 | D:8      | 8151 ||| UPGRADING to ring of willpower.
  8153 | D:8      | 8153 ||| READING scroll labelled SUMME CYRIRCH.
  8154 | D:8      | 8154 ||| READING 5 scrolls of identify.
  8154 | D:8      | 8154 ||| IDENTIFYING purple potion
  8195 | D:9      | Found Edirielu's Magic Scroll Boutique.
  8204 | D:9      | 8204 ||| BUYING 3 scrolls of identify (84 gold).
  8204 | D:9      | Bought 3 scrolls of identify for 84 gold pieces
  8204 | D:9      | 8204 ||| BUYING scroll of brand weapon (133 gold).
  8204 | D:9      | Bought a scroll of brand weapon for 133 gold pieces
  8204 | D:9      | 8204 ||| BUYING scroll of enchant armour (105 gold).
  8204 | D:9      | Bought a scroll of enchant armour for 105 gold pieces
  8204 | D:9      | 8204 ||| BUYING scroll of enchant weapon (105 gold).
  8204 | D:9      | Bought a scroll of enchant weapon for 105 gold pieces
  8204 | D:9      | 8204 ||| BUYING scroll of identify (28 gold).
  8204 | D:9      | Bought a scroll of identify for 28 gold pieces
  8204 | D:9      | 8204 ||| SHOPLISTING scroll of identify (28 gold, have 15).
  8204 | D:9      | 8204 ||| SHOPLISTING scroll of teleportation (42 gold, have
                  | 15).
  8204 | D:9      | 8204 ||| READING scroll of brand weapon.
  8204 | D:9      | 8204 ||| BRANDING +3 war axe.
  8205 | D:9      | 8205 ||| DROPPING +0 morningstar.
  8206 | D:9      | 8206 ||| DROPPING +2 morningstar of draining.
  8207 | D:9      | 8207 ||| READING scroll of enchant armour.
  8207 | D:9      | 8207 ||| ENCHANTING +0 plate armour.
  8208 | D:9      | 8208 ||| READING scroll of enchant weapon.
  8208 | D:9      | 8208 ||| ENCHANTING +3 war axe of flaming.
  8337 | D:9      | 8337 ||| Stepping ~*~*~tactically~*~*~ (hiding).
  8341 | D:9      | 8341 ||| Stepping ~*~*~tactically~*~*~ (stealth).
  8353 | D:9      | 8353 ||| Stepping ~*~*~tactically~*~*~ (stealth).
  8380 | D:9      | 8380 ||| Stepping ~*~*~tactically~*~*~ (stealth).
  8383 | D:9      | 8383 ||| Stepping ~*~*~tactically~*~*~ (stealth).
  8394 | D:9      | Reached skill level 3 in Invocations
  8397 | D:9      | Reached ** piety under Okawaru
  8433 | D:9      | Found a staircase to the Lair.
  8450 | D:9      | 8450 ||| FLEEEEING.
  8451 | D:9      | 8451 ||| FLEEEEING.
  8452 | D:9      | 8452 ||| FLEEEEING.
  8453 | D:9      | 8453 ||| FLEEEEING.
  8454 | D:9      | 8454 ||| Stepping ~*~*~tactically~*~*~ (hiding).
  8455 | D:9      | 8455 ||| Stepping ~*~*~tactically~*~*~ (hiding).
  8456 | D:9      | 8456 ||| Stepping ~*~*~tactically~*~*~ (hiding).
  8457 | D:9      | 8457 ||| Stepping ~*~*~tactically~*~*~ (hiding).
  8458 | D:9      | 8458 ||| Stepping ~*~*~tactically~*~*~ (hiding).
  8459 | D:9      | 8459 ||| Stepping ~*~*~tactically~*~*~ (hiding).
  8463 | D:9      | 8463 ||| INVOKING Heroism.
  8495 | D:9      | 8495 ||| Stepping ~*~*~tactically~*~*~ (hiding).
  8516 | D:9      | Noticed a two-headed ogre
  8517 | D:9      | 8517 ||| Stepping ~*~*~tactically~*~*~ (stealth).
  8519 | D:9      | 8519 ||| INVOKING Heroism.
  8523 | D:9      | Killed a two-headed ogre
  8678 | D:9      | 8678 ||| Stepping ~*~*~tactically~*~*~ (stealth).
  8681 | D:9      | 8681 ||| Stepping ~*~*~tactically~*~*~ (stealth).
  8696 | D:9      | Reached *** piety under Okawaru
  8708 | D:9      | 8708 ||| INVOKING Heroism.
  8814 | D:9      | 8814 ||| PLANNING LAIR
  8814 | D:9      | 8814 ||| READING scroll labelled GARAUF ROLIUCK.
  8832 | Lair:1   | Entered Level 1 of the Lair of Beasts
  8833 | Lair:1   | 8833 ||| INVOKING Heroism.
  8841 | Lair:1   | Reached skill level 3 in Throwing
  8847 | Lair:1   | 8847 ||| STAIRDANCE
  8879 | Lair:1   | 8879 ||| STAIRDANCE
  8881 | D:9      | 8881 ||| INVOKING Heroism.
  8928 | Lair:1   | 8928 ||| INVOKING Heroism.
  8930 | Lair:1   | Reached skill level 6 in Armour
  8959 | Lair:1   | 8959 ||| READING scroll of enchant weapon.
  8959 | Lair:1   | 8959 ||| ENCHANTING +4 war axe of flaming.
  8966 | Lair:1   | 8966 ||| INVOKING Heroism.
  9019 | Lair:1   | 9019 ||| INVOKING Heroism.
  9141 | Lair:1   | 9141 ||| INVOKING Heroism.
  9275 | Lair:1   | 9275 ||| INVOKING Heroism.
  9296 | Lair:1   | Found a dark tunnel.
  9326 | Lair:1   | 9326 ||| READING scroll of enchant weapon.
  9326 | Lair:1   | 9326 ||| ENCHANTING +5 war axe of flaming.
  9330 | Lair:1   | 9330 ||| READING scroll of enchant weapon.
  9330 | Lair:1   | 9330 ||| ENCHANTING +6 war axe of flaming.
  9475 | Lair:1   | 9475 ||| DROPPING ring of flight.
  9476 | Lair:1   | 9476 ||| DROPPING ring of positive energy.
  9477 | Lair:1   | 9477 ||| UPGRADING to +6 ring of strength.
  9479 | Lair:1   | 9479 ||| DROPPING +6 ring of dexterity.
  9480 | Lair:1   | 9480 ||| DROPPING ring of willpower.
  9535 | Lair:2   | 9535 ||| Stepping ~*~*~tactically~*~*~ (stealth).
  9541 | Lair:2   | Found a hole to the Spider Nest.
  9542 | Lair:2   | 9542 ||| INVOKING Heroism.
  9559 | Lair:2   | Reached XP level 12. HP: 62/75 MP: 15/15
  9565 | Lair:2   | 9565 ||| Stepping ~*~*~tactically~*~*~ (stealth).
  9567 | Lair:2   | 9567 ||| Stepping ~*~*~tactically~*~*~ (stealth).
  9583 | Lair:2   | Reached skill level 9 in Fighting
  9706 | Lair:2   | 9706 ||| INVOKING Heroism.
  9840 | Lair:2   | Found a staircase to the Shoals.
  9841 | Lair:2   | 9841 ||| Stepping ~*~*~tactically~*~*~ (stealth).
  9843 | Lair:2   | 9843 ||| Stepping ~*~*~tactically~*~*~ (stealth).
  9853 | Lair:2   | 9853 ||| INVOKING Heroism.
  9881 | Lair:2   | 9881 ||| Stepping ~*~*~tactically~*~*~ (stealth).
  9887 | Lair:2   | Reached **** piety under Okawaru
  9907 | Lair:2   | 9907 ||| Stepping ~*~*~tactically~*~*~ (stealth).
 10055 | Lair:2   | 10055 ||| INVOKING Heroism.
 10062 | Lair:2   | Reached skill level 12 in Axes
 10076 | Lair:2   | 10076 ||| INVOKING Heroism.
 10131 | Lair:2   | 10131 ||| Stepping ~*~*~tactically~*~*~ (stealth).
 10133 | Lair:2   | 10133 ||| Stepping ~*~*~tactically~*~*~ (stealth).
 10134 | Lair:2   | 10134 ||| Stepping ~*~*~tactically~*~*~ (stealth).
 10151 | Lair:2   | Reached skill level 6 in Invocations
 10439 | Lair:2   | 10439 ||| DRINKING 3 green potions.
 10440 | Lair:2   | 10440 ||| READING 9 scrolls of identify.
 10440 | Lair:2   | 10440 ||| IDENTIFYING glowing emerald potion
 10477 | Lair:3   | Found a runed translucent gate.
 10477 | Lair:3   | Found a runed translucent gate.
 10477 | Lair:3   | Found a runed translucent gate.
 10484 | Lair:3   | Reached ***** piety under Okawaru
 10526 | Lair:3   | 10526 ||| Stepping ~*~*~tactically~*~*~ (stealth).
 10575 | Lair:3   | Received a gift from Okawaru
 10629 | Lair:3   | 10629 ||| INVOKING Heroism.
 10719 | Lair:3   | 10719 ||| Stepping ~*~*~tactically~*~*~ (stealth).
 10728 | Lair:3   | 10728 ||| Stepping ~*~*~tactically~*~*~ (stealth).
 10737 | Lair:3   | 10737 ||| Stepping ~*~*~tactically~*~*~ (stealth).
 10742 | Lair:3   | 10742 ||| Stepping ~*~*~tactically~*~*~ (stealth).
 10749 | Lair:3   | Reached XP level 13. HP: 82/82 MP: 18/18
 10829 | Lair:3   | 10829 ||| Stepping ~*~*~tactically~*~*~ (stealth).
 10830 | Lair:3   | 10830 ||| Stepping ~*~*~tactically~*~*~ (stealth).
 10836 | Lair:3   | 10836 ||| INVOKING Heroism.
 10869 | Lair:3   | 10869 ||| INVOKING Heroism.
 10871 | Lair:3   | 10871 ||| Stepping ~*~*~tactically~*~*~ (stealth).
 10928 | Lair:3   | 10928 ||| INVOKING Heroism.
 10984 | Lair:3   | Noticed a minotaur
 10988 | Lair:3   | Noticed qw's ghost (journeyman GrFi)
 11560 | Lair:3   | 11560 ||| DROPPING +4 ring of protection.
 11603 | Lair:4   | 11603 ||| INVOKING Heroism.
 11604 | Lair:4   | 11604 ||| INVOKING Finesse.
 11605 | Lair:4   | 11605 ||| Stepping ~*~*~tactically~*~*~ (stealth).
 11623 | Lair:4   | Reached skill level 9 in Invocations
 11626 | Lair:4   | 11626 ||| Stepping ~*~*~tactically~*~*~ (hiding).
 11627 | Lair:4   | 11627 ||| Stepping ~*~*~tactically~*~*~ (hiding).
 11654 | Lair:4   | 11654 ||| Stepping ~*~*~tactically~*~*~ (stealth).
 11655 | Lair:4   | 11655 ||| INVOKING Heroism.
 11673 | Lair:4   | 11673 ||| Stepping ~*~*~tactically~*~*~ (stealth).
 11700 | Lair:4   | You fall into a shaft and drop 1 floor!
 11700 | Lair:5   | Entered Level 5 of the Lair of Beasts
 11701 | Lair:5   | 11701 ||| Stepping ~*~*~tactically~*~*~ (hiding).
 11808 | Lair:5   | 11808 ||| INVOKING Heroism.
 11809 | Lair:5   | 11809 ||| INVOKING Finesse.
 11813 | Lair:5   | 11813 ||| Stepping ~*~*~tactically~*~*~ (stealth).
 11907 | Lair:5   | 11907 ||| INVOKING Heroism.
 11917 | Lair:5   | Reached skill level 15 in Shields
 11938 | Lair:4   | 11938 ||| Stepping ~*~*~tactically~*~*~ (stealth).
 11963 | Lair:4   | Reached skill level 3 in Dodging
 11975 | Lair:4   | 11975 ||| INVOKING Heroism.
 12001 | Lair:4   | 12001 ||| Stepping ~*~*~tactically~*~*~ (stealth).
 12003 | Lair:4   | 12003 ||| Stepping ~*~*~tactically~*~*~ (stealth).
 12004 | Lair:4   | 12004 ||| Stepping ~*~*~tactically~*~*~ (stealth).
 12040 | Lair:4   | 12040 ||| INVOKING Heroism.
 12041 | Lair:4   | 12041 ||| INVOKING Finesse.
 12261 | Lair:4   | 12261 ||| Stepping ~*~*~tactically~*~*~ (stealth).
 12310 | Lair:4   | 12310 ||| INVOKING Heroism.
 12320 | Lair:4   | Gained mutation: Your large and strong wings let you fly.
                  | [Gargoyle growth]
 12320 | Lair:4   | Reached XP level 14. HP: 79/88 MP: 21/21
 12325 | Lair:4   | Received a gift from Okawaru
 12379 | Lair:4   | 12379 ||| Stepping ~*~*~tactically~*~*~ (stealth).
 12383 | Lair:4   | 12383 ||| Stepping ~*~*~tactically~*~*~ (stealth).
 12729 | Lair:4   | Found a staircase to the Slime Pits.
 12924 | Lair:5   | 12924 ||| Stepping ~*~*~tactically~*~*~ (hiding).
 12927 | Lair:5   | 12927 ||| Stepping ~*~*~tactically~*~*~ (stealth).
 12948 | Lair:5   | 12948 ||| INVOKING Heroism.
 13028 | Lair:5   | 13028 ||| INVOKING Heroism.
 13080 | Lair:5   | 13080 ||| Stepping ~*~*~tactically~*~*~ (stealth).
 13088 | Lair:5   | 13088 ||| Stepping ~*~*~tactically~*~*~ (stealth).
 13089 | Lair:5   | 13089 ||| Stepping ~*~*~tactically~*~*~ (stealth).
 13091 | Lair:5   | 13091 ||| Stepping ~*~*~tactically~*~*~ (hiding).
 13096 | Lair:5   | 13096 ||| Stepping ~*~*~tactically~*~*~ (hiding).
 13129 | Lair:5   | 13129 ||| Stepping ~*~*~tactically~*~*~ (stealth).
 13148 | Lair:5   | 13148 ||| INVOKING Heroism.
 13162 | Lair:5   | 13162 ||| Stepping ~*~*~tactically~*~*~ (stealth).
 13190 | Lair:5   | 13190 ||| Stepping ~*~*~tactically~*~*~ (stealth).
 13194 | Lair:5   | 13194 ||| Stepping ~*~*~tactically~*~*~ (stealth).
 13218 | Lair:5   | 13218 ||| Stepping ~*~*~tactically~*~*~ (stealth).
 13219 | Lair:5   | 13219 ||| Stepping ~*~*~tactically~*~*~ (stealth).
 13226 | Lair:5   | 13226 ||| Stepping ~*~*~tactically~*~*~ (stealth).
 13228 | Lair:5   | 13228 ||| Stepping ~*~*~tactically~*~*~ (stealth).
 13315 | Lair:5   | 13315 ||| Stepping ~*~*~tactically~*~*~ (hiding).
 13334 | Lair:5   | 13334 ||| Stepping ~*~*~tactically~*~*~ (hiding).
 13593 | Lair:5   | Noticed a quicksilver ooze
 13593 | Lair:5   | 13593 ||| Stepping ~*~*~tactically~*~*~ (stealth).
 13597 | Lair:5   | 13597 ||| INVOKING Heroism.
 13605 | Lair:5   | Killed a quicksilver ooze
 13624 | Lair:5   | 13624 ||| Stepping ~*~*~tactically~*~*~ (stealth).
 13637 | Lair:5   | 13637 ||| Stepping ~*~*~tactically~*~*~ (stealth).
 13712 | Lair:5   | Received a gift from Okawaru
 13715 | Lair:5   | 13715 ||| Stepping ~*~*~tactically~*~*~ (stealth).
 13936 | Lair:5   | 13936 ||| INVOKING Heroism.
 14202 | Lair:5   | 14202 ||| PLANNING D:1-11
 14202 | Lair:5   | 14202 ||| UPGRADING to +1 pair of boots.
 14341 | D:10     | Entered Level 10 of the Dungeon
 14486 | D:10     | 14486 ||| Stepping ~*~*~tactically~*~*~ (stealth).
 14573 | D:10     | 14573 ||| Stepping ~*~*~tactically~*~*~ (stealth).
 15001 | D:10     | 15001 ||| Stepping ~*~*~tactically~*~*~ (hiding).
 15068 | D:10     | Found a staircase to the Orcish Mines.
 15071 | D:10     | 15071 ||| Stepping ~*~*~tactically~*~*~ (stealth).
 15094 | D:10     | Reached skill level 9 in Armour
 15183 | D:10     | 15183 ||| UPGRADING to +0 pair of gloves.
 15282 | D:11     | 15282 ||| STAIRDANCE
 15331 | D:11     | Reached XP level 15. HP: 86/94 MP: 22/22
 15604 | D:11     | 15604 ||| Stepping ~*~*~tactically~*~*~ (stealth).
 15605 | D:11     | 15605 ||| Stepping ~*~*~tactically~*~*~ (stealth).
 15606 | D:11     | 15606 ||| Stepping ~*~*~tactically~*~*~ (stealth).
 15696 | D:11     | Identified the +0 scale mail of Balaycep {+Inv rF+++ rC-
                  | rN++} (Okawaru gifted it to you on level 11 of the Dungeon)
 15696 | D:11     | Received a gift from Okawaru
 15758 | D:11     | 15758 ||| Stepping randomly (disturbance).
 15819 | D:11     | 15819 ||| READING scroll of enchant weapon.
 15819 | D:11     | 15819 ||| ENCHANTING +7 war axe of flaming.
 15880 | D:11     | 15880 ||| PLANNING D
 15880 | D:11     | 15880 ||| UPGRADING to +5 ring of evasion.
 15882 | D:11     | 15882 ||| DROPPING +6 ring of strength.
 16007 | D:12     | 16007 ||| Stepping ~*~*~tactically~*~*~ (hiding).
 16011 | D:12     | 16011 ||| Stepping ~*~*~tactically~*~*~ (hiding).
 16012 | D:12     | 16012 ||| Stepping ~*~*~tactically~*~*~ (hiding).
 16034 | D:12     | 16034 ||| Stepping ~*~*~tactically~*~*~ (hiding).
 16056 | D:12     | 16056 ||| Stepping ~*~*~tactically~*~*~ (stealth).
 16058 | D:12     | 16058 ||| Stepping ~*~*~tactically~*~*~ (hiding).
 16135 | D:12     | 16135 ||| Stepping ~*~*~tactically~*~*~ (stealth).
 16136 | D:12     | 16136 ||| Stepping ~*~*~tactically~*~*~ (stealth).
 16138 | D:12     | 16138 ||| Stepping ~*~*~tactically~*~*~ (hiding).
 16337 | D:12     | 16337 ||| INVOKING Heroism.
 16594 | D:12     | Noticed Urug
 16595 | D:12     | 16595 ||| INVOKING Heroism.
 16596 | D:12     | 16596 ||| INVOKING Finesse.
 16604 | D:12     | Killed Urug
 16635 | D:12     | 16635 ||| SWAPPING to +2 broad axe.
 17343 | D:12     | 17343 ||| DROPPING +4 ring of slaying {mikee}.
 17398 | D:13     | 17398 ||| INVOKING Heroism.
 17405 | D:13     | Reached skill level 15 in Axes
 17506 | D:13     | Noticed Sonja
 17507 | D:13     | 17507 ||| INVOKING Finesse.
 17508 | D:13     | 17508 ||| Stepping ~*~*~tactically~*~*~ (hiding).
 17509 | D:13     | 17509 ||| Stepping ~*~*~tactically~*~*~ (hiding).
 17510 | D:13     | 17510 ||| Stepping ~*~*~tactically~*~*~ (hiding).
 17517 | D:13     | 17517 ||| Stepping ~*~*~tactically~*~*~ (hiding).
 17519 | D:13     | 17519 ||| Stepping ~*~*~tactically~*~*~ (hiding).
 17520 | D:13     | 17520 ||| Stepping ~*~*~tactically~*~*~ (hiding).
 17530 | D:13     | 17530 ||| Stepping ~*~*~tactically~*~*~ (hiding).
 17533 | D:13     | 17533 ||| INVOKING Heroism.
 17535 | D:13     | Killed Sonja
 17550 | D:13     | 17550 ||| Stepping ~*~*~tactically~*~*~ (stealth).
 17593 | D:13     | 17593 ||| Stepping ~*~*~tactically~*~*~ (hiding).
 17680 | D:13     | Noticed Kirke
 17681 | D:13     | 17681 ||| INVOKING Heroism.
 17682 | D:13     | 17682 ||| INVOKING Finesse.
 17688 | D:13     | 17688 ||| Stepping ~*~*~tactically~*~*~ (hiding).
 17695 | D:13     | Killed Kirke
 17696 | D:13     | 17696 ||| PLANNING D
 17696 | D:13     | 17696 ||| PLANNING D
 17698 | D:13     | 17698 ||| SWAPPING to +8 war axe of flaming.
 17700 | D:13     | 17700 ||| PLANNING D
 17718 | D:13     | 17718 ||| READING 6 scrolls of teleportation.
 17748 | D:13     | 17748 ||| UPGRADING to +2 broad axe.
 17829 | D:13     | 17829 ||| INVOKING Heroism.
 17896 | D:13     | 17896 ||| Stepping ~*~*~tactically~*~*~ (stealth).
 17897 | D:13     | 17897 ||| Stepping ~*~*~tactically~*~*~ (stealth).
 17961 | D:13     | 17961 ||| INVOKING Heroism.
 17971 | D:13     | HP: 18/95 [ice dragon/blast of cold (38)]
 17972 | D:13     | 17972 ||| READING 5 scrolls of teleportation.
 17973 | D:13     | 17973 ||| DRINKING 4 potions of heal wounds.
 18044 | D:13     | 18044 ||| Stepping ~*~*~tactically~*~*~ (hiding).
 18103 | D:13     | 18103 ||| Stepping ~*~*~tactically~*~*~ (hiding).
 18109 | D:13     | 18109 ||| INVOKING Heroism.
 18112 | D:13     | 18112 ||| Stepping ~*~*~tactically~*~*~ (cloud).
 18117 | D:13     | 18117 ||| Stepping ~*~*~tactically~*~*~ (cloud).
 18168 | D:13     | 18168 ||| INVOKING Heroism.
 18184 | D:13     | HP: 24/96 [ice statue/freezing blast (16)]
 18185 | D:13     | 18185 ||| READING 4 scrolls of teleportation.
 18186 | D:13     | HP: 2/96 [ice statue] (23)]
 18187 | D:13     | 18187 ||| DRINKING 3 potions of heal wounds.
 18188 | D:13     | 18188 ||| DRINKING 2 potions of heal wounds.
 18189 | D:13     | 18189 ||| FLEEEEING.
 18190 | D:13     | 18190 ||| FLEEEEING.
 18191 | D:13     | 18191 ||| FLEEEEING.
 18192 | D:13     | 18192 ||| FLEEEEING.
 18193 | D:13     | 18193 ||| FLEEEEING.
 18195 | D:13     | 18195 ||| STAIRDANCE
 18251 | D:13     | 18251 ||| STAIRDANCE
 18346 | D:13     | 18346 ||| INVOKING Heroism.
 18442 | D:13     | 18442 ||| Stepping ~*~*~tactically~*~*~ (hiding).
 18443 | D:13     | 18443 ||| Stepping ~*~*~tactically~*~*~ (hiding).
 18446 | D:13     | 18446 ||| Stepping ~*~*~tactically~*~*~ (hiding).
 18543 | D:13     | 18543 ||| Stepping ~*~*~tactically~*~*~ (stealth).
 18555 | D:13     | Reached skill level 12 in Fighting
 18565 | D:13     | Found a gate to the Vaults.
 18619 | D:13     | 18619 ||| INVOKING Heroism.
 18623 | D:13     | 18623 ||| Stepping ~*~*~tactically~*~*~ (cloud).
 18627 | D:13     | 18627 ||| Stepping ~*~*~tactically~*~*~ (cloud).
 18646 | D:13     | 18646 ||| DROPPING +1 pair of boots.
 18685 | D:14     | 18685 ||| Stepping ~*~*~tactically~*~*~ (hiding).
 18686 | D:14     | 18686 ||| Stepping ~*~*~tactically~*~*~ (hiding).
 18687 | D:14     | 18687 ||| Stepping ~*~*~tactically~*~*~ (hiding).
 18758 | D:14     | 18758 ||| Stepping ~*~*~tactically~*~*~ (stealth).
 18763 | D:14     | 18763 ||| INVOKING Heroism.
 18765 | D:14     | 18765 ||| READING 3 scrolls of teleportation.
 18830 | D:14     | 18830 ||| INVOKING Heroism.
 18862 | D:14     | 18862 ||| INVOKING Heroism.
 18999 | D:14     | 18999 ||| PLANNING D
 19316 | D:14     | 19316 ||| INVOKING Heroism.
 19526 | D:14     | 19526 ||| READING scroll labelled KUMETA RUVIP.
 19550 | D:15     | Entered Level 15 of the Dungeon
 19559 | D:15     | 19559 ||| INVOKING Heroism.
 19566 | D:15     | 19566 ||| SWAPPING to +8 war axe of flaming.
 19568 | D:15     | 19568 ||| UPGRADING to +2 broad axe.
 19605 | D:15     | 19605 ||| READING scroll of enchant armour.
 19605 | D:15     | 19605 ||| ENCHANTING +0 pair of gloves.
 19615 | D:15     | Found a staircase to the Depths.
 19615 | D:15     | Noticed a fire giant
 19616 | D:15     | 19616 ||| INVOKING Heroism.
 19624 | D:15     | Killed a fire giant
 19702 | D:15     | 19702 ||| INVOKING Heroism.
 19799 | D:15     | Identified the +8 dire flail "Omelette" {elec, Str+7 Dex+3}
 20139 | D:15     | 20139 ||| PLANNING ORC
 20139 | D:15     | 20139 ||| DROPPING +0 scale mail of Balaycep {+Inv rF+++
                  | rC- rN++}.
 20140 | D:15     | 20140 ||| UPGRADING to amulet of reflection.
 20150 | D:15     | 20150 ||| DROPPING amulet of regeneration.
 20321 | Orc:1    | Entered Level 1 of the Orcish Mines
 20336 | Orc:1    | 20336 ||| INVOKING Heroism.
 20344 | Orc:1    | Reached XP level 16. HP: 86/101 MP: 23/23
 20358 | Orc:1    | 20358 ||| INVOKING Heroism.
 20493 | Orc:1    | 20493 ||| Stepping ~*~*~tactically~*~*~ (stealth).
 20694 | Orc:2    | Entered Level 2 of the Orcish Mines
 20695 | Orc:2    | 20695 ||| INVOKING Heroism.
 20719 | Orc:2    | 20719 ||| Stepping ~*~*~tactically~*~*~ (stealth).
 20723 | Orc:2    | 20723 ||| Stepping ~*~*~tactically~*~*~ (stealth).
 20751 | Orc:2    | 20751 ||| FLEEEEING.
 20752 | Orc:2    | 20752 ||| FLEEEEING.
 20753 | Orc:2    | 20753 ||| STAIRDANCE
 20817 | Orc:2    | 20817 ||| Stepping ~*~*~tactically~*~*~ (stealth).
 20819 | Orc:2    | 20819 ||| Stepping ~*~*~tactically~*~*~ (hiding).
 20820 | Orc:2    | 20820 ||| Stepping ~*~*~tactically~*~*~ (hiding).
 20823 | Orc:2    | 20823 ||| INVOKING Heroism.
 20882 | Orc:2    | 20882 ||| Stepping ~*~*~tactically~*~*~ (stealth).
 20883 | Orc:2    | 20883 ||| Stepping ~*~*~tactically~*~*~ (stealth).
 20884 | Orc:2    | 20884 ||| Stepping ~*~*~tactically~*~*~ (stealth).
 20904 | Orc:2    | 20904 ||| Stepping ~*~*~tactically~*~*~ (hiding).
 20906 | Orc:2    | 20906 ||| Stepping ~*~*~tactically~*~*~ (hiding).
 20908 | Orc:2    | 20908 ||| INVOKING Heroism.
 20938 | Orc:2    | 20938 ||| Stepping ~*~*~tactically~*~*~ (stealth).
 20939 | Orc:2    | 20939 ||| Stepping ~*~*~tactically~*~*~ (stealth).
 20950 | Orc:2    | Found a staircase to the Elven Halls.
 20955 | Orc:2    | 20955 ||| INVOKING Heroism.
 21008 | Orc:2    | Found Zycinn's Self-Improvement Boutique.
 21040 | Orc:2    | Found a frozen archway.
 21043 | Orc:2    | 21043 ||| INVOKING Heroism.
 21047 | Orc:2    | 21047 ||| Stepping ~*~*~tactically~*~*~ (hiding).
 21157 | Orc:2    | 21157 ||| Stepping ~*~*~tactically~*~*~ (hiding).
 21341 | Orc:2    | 21341 ||| Stepping ~*~*~tactically~*~*~ (hiding).
 21344 | Orc:2    | 21344 ||| INVOKING Heroism.
 21363 | Orc:2    | Received a gift from Okawaru
 21392 | Orc:2    | 21392 ||| INVOKING Heroism.
 21393 | Orc:2    | Found Tiybrir's Book Shoppe.
 21393 | Orc:2    | Found Xury's Weapon Boutique.
 21544 | Orc:2    | Found Ylaalih's Jewellery Boutique.
 21544 | Orc:2    | Found Saqaemoh's Weapon Shoppe.
 21553 | Orc:2    | 21553 ||| BUYING +5 ring of evasion (540 gold).
 21553 | Orc:2    | Bought a +5 ring of evasion for 540 gold pieces
 21553 | Orc:2    | 21553 ||| BUYING ring of Gioh {rPois rF++ EV+5} (970 gold).
 21553 | Orc:2    | Bought the ring of Gioh {rPois rF++ EV+5} for 970 gold
                  | pieces
 21729 | Orc:2    | 21729 ||| PLANNING SHOALS:1-3
 21729 | Orc:2    | 21729 ||| DROPPING +5 ring of evasion.
 21730 | Orc:2    | 21730 ||| UPGRADING to ring of Gioh {rPois rF++ EV+5}.
 21884 | Shoals:1 | Entered Level 1 of the Shoals
 21917 | Shoals:1 | 21917 ||| Stepping ~*~*~tactically~*~*~ (hiding).
 21919 | Shoals:1 | 21919 ||| Stepping ~*~*~tactically~*~*~ (hiding).
 21927 | Shoals:1 | 21927 ||| INVOKING Heroism.
 22037 | Shoals:1 | 22037 ||| Stepping ~*~*~tactically~*~*~ (hiding).
 22234 | Shoals:1 | Found Pihoont's General Store.
 22240 | Shoals:1 | 22240 ||| BUYING potion of heal wounds (90 gold).
 22240 | Shoals:1 | Bought a potion of heal wounds for 90 gold pieces
 22336 | Shoals:1 | 22336 ||| READING scroll of enchant armour.
 22336 | Shoals:1 | 22336 ||| ENCHANTING +1 pair of gloves.
 22474 | Shoals:1 | 22474 ||| Stepping ~*~*~tactically~*~*~ (hiding).
 22475 | Shoals:1 | 22475 ||| Stepping ~*~*~tactically~*~*~ (hiding).
 22476 | Shoals:1 | 22476 ||| Stepping ~*~*~tactically~*~*~ (hiding).
 22823 | Shoals:2 | 22823 ||| INVOKING Heroism.
 22956 | Shoals:2 | 22956 ||| INVOKING Heroism.
 23371 | Shoals:2 | Noticed Ilsuiw
 23372 | Shoals:2 | 23372 ||| INVOKING Heroism.
 23373 | Shoals:2 | 23373 ||| INVOKING Finesse.
 23404 | Shoals:2 | HP: 15/103 [merfolk javelineer/silver javelin[Ilsuiw] (12)]
 23405 | Shoals:2 | 23405 ||| READING 4 scrolls of teleportation.
 23406 | Shoals:2 | 23406 ||| DRINKING 3 potions of heal wounds.
 23407 | Shoals:2 | 23407 ||| DRINKING 2 potions of heal wounds.
 23408 | Shoals:2 | 23408 ||| DRINKING potion of heal wounds.
 23639 | Shoals:2 | 23639 ||| INVOKING Heroism.
 23651 | Shoals:2 | 23651 ||| INVOKING Finesse.
 23680 | Shoals:2 | HP: 12/104 [merfolk javelineer/javelin (17)]
 23681 | Shoals:2 | 23681 ||| READING 3 scrolls of teleportation.
 23872 | Shoals:2 | 23872 ||| INVOKING Heroism.
 23993 | Shoals:2 | 23993 ||| Stepping ~*~*~tactically~*~*~ (hiding).
 24005 | Shoals:2 | 24005 ||| FLEEEEING.
 24006 | Shoals:2 | 24006 ||| FLEEEEING.
 24031 | Shoals:2 | 24031 ||| INVOKING Heroism.
 24080 | Shoals:2 | 24080 ||| FLEEEEING.
 24081 | Shoals:2 | 24081 ||| FLEEEEING.
 24082 | Shoals:2 | 24082 ||| FLEEEEING.
 24083 | Shoals:2 | 24083 ||| FLEEEEING.
 24084 | Shoals:2 | 24084 ||| FLEEEEING.
 24089 | Shoals:2 | 24089 ||| INVOKING Heroism.
 24097 | Shoals:2 | 24097 ||| FLEEEEING.
 24098 | Shoals:2 | 24098 ||| FLEEEEING.
 24099 | Shoals:2 | 24099 ||| FLEEEEING.
 24107 | Shoals:2 | HP: 19/104 [Ilsuiw/shard of ice (16)]
 24108 | Shoals:2 | 24108 ||| READING 2 scrolls of teleportation.
 24113 | Shoals:2 | HP: 16/104 [centaur warrior/arrow (4)]
 24114 | Shoals:2 | 24114 ||| READING scroll of teleportation.
 24398 | Shoals:2 | Reached XP level 17. HP: 108/108 MP: 24/24
 24431 | Shoals:2 | 24431 ||| INVOKING Heroism.
 24489 | Shoals:2 | 24489 ||| INVOKING Heroism.
 24503 | Shoals:2 | Killed Ilsuiw
 24840 | Shoals:3 | Reached skill level 6 in Throwing
 25050 | Shoals:3 | 25050 ||| READING scroll of enchant armour.
 25050 | Shoals:3 | 25050 ||| ENCHANTING +1 pair of boots.
 25147 | Shoals:3 | Found a transporter.
 25148 | Shoals:3 | 25148 ||| Stepping ~*~*~tactically~*~*~ (hiding).
 25150 | Shoals:3 | 25150 ||| Stepping ~*~*~tactically~*~*~ (hiding).
 25152 | Shoals:3 | 25152 ||| Stepping ~*~*~tactically~*~*~ (hiding).
 25295 | Shoals:3 | 25295 ||| DROPPING +2 war axe of venom.
 25325 | Shoals:3 | 25325 ||| FLEEEEING.
 25326 | Shoals:3 | 25326 ||| FLEEEEING.
 25327 | Shoals:3 | 25327 ||| FLEEEEING.
 25332 | Shoals:3 | 25332 ||| FLEEEEING.
 25333 | Shoals:3 | 25333 ||| FLEEEEING.
 25416 | Shoals:3 | Noticed a kraken
 25474 | Shoals:3 | Killed a kraken
 25722 | Shoals:3 | 25722 ||| INVOKING Heroism.
 25840 | Shoals:3 | 25840 ||| READING 3 scrolls of enchant weapon.
 25840 | Shoals:3 | 25840 ||| ENCHANTING +2 broad axe.
 25841 | Shoals:3 | 25841 ||| READING 2 scrolls of enchant weapon.
 25841 | Shoals:3 | 25841 ||| ENCHANTING +3 broad axe.
 25842 | Shoals:3 | 25842 ||| READING scroll of enchant weapon.
 25842 | Shoals:3 | 25842 ||| ENCHANTING +4 broad axe.
 25868 | Shoals:3 | Noticed Teryn's ghost (journeyman DsAK)
 25870 | Shoals:3 | Found a transporter.
 25972 | Shoals:3 | Found a bloodstained altar of Trog.
 26037 | Shoals:3 | 26037 ||| INVOKING Heroism.
 26274 | Shoals:3 | 26274 ||| PLANNING SPIDER:1-3
 26373 | Spider:1 | Entered Level 1 of the Spider Nest
 26375 | Spider:1 | Noticed Mlioglotl
 26376 | Spider:1 | 26376 ||| STAIRDANCE
 26382 | Spider:1 | 26382 ||| STAIRDANCE
 26385 | Lair:2   | 26385 ||| INVOKING Heroism.
 26392 | Lair:2   | Received a gift from Okawaru
 26526 | Spider:1 | 26526 ||| INVOKING Heroism.
 26527 | Spider:1 | 26527 ||| INVOKING Finesse.
 26533 | Spider:1 | 26533 ||| STAIRDANCE
 26543 | Lair:2   | Killed Mlioglotl
 26688 | Spider:1 | 26688 ||| INVOKING Heroism.
 26690 | Spider:1 | Reached skill level 18 in Axes
 26691 | Spider:1 | Received a gift from Okawaru
 26745 | Spider:1 | 26745 ||| STAIRDANCE
 26809 | Spider:1 | 26809 ||| INVOKING Heroism.
 26817 | Spider:1 | 26817 ||| INVOKING Finesse.
 26874 | Spider:1 | 26874 ||| Stepping ~*~*~tactically~*~*~ (stealth).
 26908 | Spider:1 | 26908 ||| Stepping ~*~*~tactically~*~*~ (stealth).
 26909 | Spider:1 | 26909 ||| Stepping ~*~*~tactically~*~*~ (stealth).
 26914 | Spider:1 | 26914 ||| INVOKING Finesse.
 26959 | Spider:1 | 26959 ||| Stepping ~*~*~tactically~*~*~ (stealth).
 27071 | Spider:1 | 27071 ||| Stepping ~*~*~tactically~*~*~ (stealth).
 27120 | Spider:1 | 27120 ||| Stepping ~*~*~tactically~*~*~ (stealth).
 27125 | Spider:1 | 27125 ||| Stepping ~*~*~tactically~*~*~ (stealth).
 27126 | Spider:1 | 27126 ||| FLEEEEING.
 27145 | Spider:1 | 27145 ||| DRINKING 2 potions of cancellation.
 27160 | Spider:1 | 27160 ||| INVOKING Heroism.
 27228 | Spider:1 | 27228 ||| Stepping ~*~*~tactically~*~*~ (stealth).
 27232 | Spider:1 | 27232 ||| Stepping ~*~*~tactically~*~*~ (stealth).
 27258 | Spider:1 | Reached skill level 12 in Armour
 27291 | Spider:1 | 27291 ||| Stepping ~*~*~tactically~*~*~ (stealth).
 27293 | Spider:1 | 27293 ||| Stepping ~*~*~tactically~*~*~ (stealth).
 27294 | Spider:1 | 27294 ||| INVOKING Heroism.
 27315 | Spider:1 | 27315 ||| Stepping ~*~*~tactically~*~*~ (stealth).
 27317 | Spider:1 | 27317 ||| Stepping ~*~*~tactically~*~*~ (stealth).
 27318 | Spider:1 | 27318 ||| Stepping ~*~*~tactically~*~*~ (stealth).
 27320 | Spider:1 | 27320 ||| Stepping ~*~*~tactically~*~*~ (stealth).
 27324 | Spider:1 | 27324 ||| Stepping ~*~*~tactically~*~*~ (stealth).
 27330 | Spider:1 | 27330 ||| Stepping ~*~*~tactically~*~*~ (stealth).
 27395 | Spider:1 | 27395 ||| INVOKING Heroism.
 27400 | Spider:1 | 27400 ||| Stepping ~*~*~tactically~*~*~ (stealth).
 27523 | Spider:1 | 27523 ||| Stepping ~*~*~tactically~*~*~ (hiding).
 27524 | Spider:1 | 27524 ||| Stepping ~*~*~tactically~*~*~ (hiding).
 27525 | Spider:1 | 27525 ||| Stepping ~*~*~tactically~*~*~ (hiding).
 27638 | Spider:1 | 27638 ||| Stepping ~*~*~tactically~*~*~ (hiding).
 27971 | Spider:2 | 27971 ||| INVOKING Heroism.
 28026 | Spider:2 | 28026 ||| DRINKING potion of cancellation.
 28028 | Spider:2 | Reached XP level 18. HP: 83/116 MP: 25/25
 28111 | Spider:2 | 28111 ||| DROPPING +8 war axe of flaming.
 28122 | Spider:2 | 28122 ||| Stepping ~*~*~tactically~*~*~ (stealth).
 28125 | Spider:2 | 28125 ||| Stepping ~*~*~tactically~*~*~ (stealth).
 28137 | Spider:2 | Reached skill level 18 in Shields
 28308 | Spider:2 | 28308 ||| Stepping ~*~*~tactically~*~*~ (hiding).
 28309 | Spider:2 | 28309 ||| INVOKING Heroism.
 28487 | Spider:2 | 28487 ||| FLEEEEING.
 28488 | Spider:2 | 28488 ||| FLEEEEING.
 28489 | Spider:2 | 28489 ||| STAIRDANCE
 28493 | Spider:2 | 28493 ||| STAIRDANCE
 28506 | Spider:2 | 28506 ||| STAIRDANCE
 28584 | Spider:2 | 28584 ||| INVOKING Heroism.
 28773 | Spider:2 | HP: 28/118 [something (8)]
 28777 | Spider:2 | HP: 13/118 [something (5)]
 28778 | Spider:2 | 28778 ||| READING 6 scrolls of teleportation.
 28779 | Spider:2 | HP: 1/118 [something (11)]
 28781 | Spider:2 | Mangled by a ghost moth

Levels and vault maps discovered:
D:1:      lemuel_arrival_lava_pool, layout_basic, minmay_liquid_box
D:2:      minmay_evil_eye, layout_rooms, chequers_ecumenical_altar_twisty
D:3:      minmay_chambers_of_threes, layout_basic, evilmike_ruin_ashenzari
D:4:      minmay_general_purpose_star, layout_cave_pools,
          mainiacjoe_overflow_six_doors_small, cheibrodos_sewer_entry_drain,
          uniq_sigmund
D:5:      layout_basic, lightli_ossuary_entry_decrepit_ruins,
          dk_rats_in_the_wall
D:6:      layout_loops_ring, minmay_temple_entry_statues_pillars, serial_shops,
          shop
D:7:      layout_basic
D:8:      layout_loops_cross, uniq_grum
D:9:      layout_roguey, minmay_lair_entry_grove, serial_shops, shop
D:10:     layout_basic, minmay_orc_entry_temple_small
D:11:     layout_irregular_city
D:12:     layout_basic, serial_co_window_serial, co_window_paths_b,
          co_window_corner_a, co_window_paths_a, co_window_of_opportunity_a,
          co_window_of_opportunity_a, co_window_broadway_a, co_window_paths_c,
          co_window_of_opportunity_b, co_window_broadway_a,
          co_window_unsneaky_path_a, co_window_corner_b, co_window_paths_e,
          co_window_4corner_b, glass_columns_a, uniq_urug
D:13:     minmay_ice_pillars, layout_gridville, david_vaults_5, uniq_sonja,
          uniq_kirke
D:14:     layout_cave_pods, serial_bayou_pond_d
D:15:     grunt_enter_depths_giant_problem, layout_small_grid,
          minmay_misc_feat_square
Temple:   nicolae_temple_bog_church
Lair:1:   layout_hall_layers, lightli_volcano_entry_magma_tube,
          grunt_megastairs_3
Lair:2:   layout_cave_pods, elwin_shoals_entry_rocks,
          nicolae_spider_entry_non_spiders, grunt_forest_small_clearings
Lair:3:   layout_regular_city, maelrawn_ghost_gauntlet_escape,
          grunt_megastairs_4
Lair:4:   layout_hall_layers, dpeg_slime_entry_enclosed, nicolae_lair_yak_garden
Lair:5:   hangedman_lair_tendril_chambers, layout_misc_corridors,
          hangedman_lair_caniforms_friends, nicolae_lair_time_for_slime
Shoals:1: layout_shoals, serial_shops, nicolae_shop_hallway_stairs
Shoals:2: layout_shoals, nicolae_shoals_water_booths, uniq_ilsuiw
Shoals:3: layout_shoals, gammafunk_ghost_wrathful_warriors,
          nicolae_shoals_wave_tunnel
Spider:1: layout_spider_delve, uniq_mlioglotl
Spider:2: layout_spider_delve, nicolae_spider_claw_tunnel
Orc:1:    layout_caves
Orc:2:    grunt_orc_tribal_feast, layout_caves,
          portal_ice_cave_entry_animals_and_master, nicolae_shop_self_help

Skill      XL: |  1  2  3  4  5  6  7  8  9 10 11 12 13 14 15 16 17 18 |
---------------+-------------------------------------------------------+-----
Axes           | 2 3 4 5 6 10 11 12 13 14 16 17 18 | 18.0
Fighting       | 4 6 8 9 10 11 12 13 14 | 14.9
Dodging        | 1 2 3 4 |  4.0
Shields        | 5 14 15 16 17 18 | 18.0
Armour         | 4 6 7 8 9 10 11 12 | 12.0
Throwing       | 2 3 4 5 7 |  7.0
Invocations    | 2 4 7 10 | 10.0

Action                     |  1- 3 |  4- 6 |  7- 9 | 10-12 | 13-15 | 16-18 || total
---------------------------+-------+-------+-------+-------+-------+-------++-------
  Melee: War axe           |    79 |   199 |    64 |   495 |   702 |       ||  1539
         Broad axe         |       |       |       |       |   302 |  1215 ||  1517
  Throw: Boomerang         |       |    37 |     5 |       |   184 |   130 ||   356
         Javelin           |       |       |       |    71 |    54 |    13 ||   138
 Invoke: Heroism           |       |       |       |    16 |    34 |    30 ||    80
         Finesse           |       |       |       |       |     6 |     5 ||    11
    Use: Scroll            |     5 |     2 |     5 |    17 |     7 |    10 ||    46
         Potion            |     1 |     6 |     3 |     1 |     3 |     5 ||    19
   Stab: Distracted        |       |       |       |       |       |     1 ||     1
 Armour: Scale mail        |    20 |       |       |       |       |       ||    20
         Plate armour      |    12 |   169 |    18 |   159 |   318 |   450 ||  1126
  Dodge: Dodged            |    29 |    83 |     8 |    78 |   235 |   382 ||   815
  Block: Buckler           |     9 |    42 |     1 |       |       |       ||    52
         Tower shield      |       |       |    27 |   430 |   754 |  1379 ||  2590
         Reflection        |       |       |       |       |       |    48 ||    48

Table legend:
 A = Non-vault XP
 B = Vault XP
 C = Vault XP percentage of total XP
 D = Non-vault monster count
 E = Vault monster count
 F = Vault count percentage of total count
                 A         B        C        D         E       F
            +---------+---------+-------+---------+---------+-------
      Total |  182467 |   69689 |  27.6 |     654 |     304 |  31.7
            +---------+---------+-------+---------+---------+-------
        D:1 |      33 |       0 |   0.0 |      21 |       0 |   0.0
        D:2 |      49 |      29 |  37.2 |      13 |       8 |  38.1
        D:3 |     236 |      43 |  15.4 |      28 |      12 |  30.0
        D:4 |     123 |     302 |  71.1 |      16 |       7 |  30.4
        D:5 |     795 |       0 |   0.0 |      16 |       0 |   0.0
        D:6 |     536 |       0 |   0.0 |      22 |       0 |   0.0
        D:7 |     619 |       0 |   0.0 |       5 |       0 |   0.0
        D:8 |    1618 |     427 |  20.9 |      25 |       3 |  10.7
        D:9 |    3359 |    2054 |  37.9 |      25 |      13 |  34.2
       D:10 |    4048 |     360 |   8.2 |      30 |       6 |  16.7
       D:11 |    4359 |       0 |   0.0 |      14 |       0 |   0.0
       D:12 |    5935 |    1685 |  22.1 |      18 |       2 |  10.0
       D:13 |    4509 |    8427 |  65.1 |      18 |      24 |  57.1
       D:14 |    8227 |       0 |   0.0 |      20 |       0 |   0.0
       D:15 |    7340 |    1234 |  14.4 |      12 |       1 |   7.7
     Lair:1 |    2143 |     746 |  25.8 |       7 |       2 |  22.2
     Lair:2 |   13379 |    2414 |  15.3 |      37 |       9 |  19.6
     Lair:3 |   10036 |    1585 |  13.6 |      31 |       7 |  18.4
     Lair:4 |   10804 |    2265 |  17.3 |      41 |       5 |  10.9
     Lair:5 |    6139 |   22478 |  78.5 |      10 |     103 |  91.2
   Shoals:1 |    9482 |       0 |   0.0 |      19 |       0 |   0.0
   Shoals:2 |   21346 |    9112 |  29.9 |      42 |      14 |  25.0
   Shoals:3 |   18134 |    3069 |  14.5 |      34 |      10 |  22.7
   Spider:1 |   28876 |       0 |   0.0 |      69 |       0 |   0.0
   Spider:2 |   12870 |    2994 |  18.9 |      26 |       4 |  13.3
      Orc:1 |    3822 |       0 |   0.0 |      37 |       0 |   0.0
      Orc:2 |    3650 |    9868 |  73.0 |      18 |      38 |  67.9
      Sewer |       0 |      34 | 100.0 |       0 |      23 | 100.0
    Ossuary |       0 |     563 | 100.0 |       0 |      13 | 100.0
            +---------+---------+-------+---------+---------+-------
